 Dungeon Crawl Stone Soup version 0.18.1-6-gd335043 (webtiles) character file.

2 Chaotic the Sneak (level 1, -3/9 HPs)
             Began as a Spriggan Enchanter on May 17, 2016.
             Killed from afar by a dart slug (6 damage)
             ... with a slug dart
             ... on level 1 of the Dungeon.
             The game lasted 00:01:01 (193 turns).

Chaotic the Sneak (Spriggan Enchanter)               Turns: 193, Time: 00:01:02

Health: -3/9       AC:  3    Str:  4    XL:     1   Next: 33%
Magic:  5/5        EV: 18    Int: 16    God:
Gold:   23         SH:  0    Dex: 16    Spells: 1 memorised, 5 levels left

rFire  . . .     SeeInvis +     a - +1 dagger
rCold  . . .     Gourm    .     b - +1 robe
rNeg   . . .     Faith    .     (shield restricted)
rPois  .         Spirit   .     (helmet restricted)
rElec  .         Dismiss  .     (no cloak)
rCorr  .         Reflect  .     (gloves unavailable)
SustAt .         Harm     .     (boots unavailable)
MR     .....                    (no amulet)
Stlth  +++.......               (no ring)
                                (no ring)

@: very quick, not resistant to hostile enchantments, fairly stealthy
A: unfitting armour, see invisible, herbivore 3, speed 3, slow metabolism 2
a: no special abilities


You were on level 1 of the Dungeon.
You were not hungry.

You visited 1 branch of the dungeon, and saw 1 of its levels.

You collected 23 gold pieces.

Inventory:

Hand Weapons
 a - a +1 dagger (weapon)
Armour
 b - a +1 robe (worn)
Books
 c - a book of Maledictions
Comestibles
 d - a bread ration {@e1}


   Skills:
 - Level 1.1 Short Blades
 - Level 3.0 Dodging
 - Level 4.4 Stealth
 * Level 3.0 Spellcasting
 + Level 3.6 Hexes


You had 5 spell levels left.
You knew the following spells:

 Your Spells              Type           Power        Failure   Level  Hunger
v - Corona                Hex            ##.....      6%          1    #......


Dungeon Overview and Level Annotations

Branches:
Dungeon (1/15)

Altars:


Innate Abilities, Weirdness & Mutations

You are tiny and cannot use many weapons and most armour.
You have supernaturally acute eyesight.
You are a herbivore.
You cover ground extremely quickly.
You need consume almost no food.


Message History

You open the door.
There is an open door here.
You open the door.
There is an open door here.
You open the door.
There is an open door here.
There is an open door here.
There is an open door here.
There is an open door here.
You found a teleport trap!
Unknown command.
You now have 23 gold pieces (gained 12).
A hobgoblin comes into view. It is wielding a club.
A hobgoblin is nearby!
The hobgoblin shouts!
You hear a shout!
You hear a bark! x2
A jackal comes into view.
You hit the hobgoblin. The hobgoblin misses you.
You closely miss the hobgoblin. The hobgoblin barely misses you.
A jackal and a kobold come into view.
You completely miss the hobgoblin. The hobgoblin hits you with a club.
A jackal comes into view.
You take 3 damage, and have 6/9 hp.
MASSIVE DAMAGE!!
The kobold throws a stone.
The stone misses you.
You see here a stone.
The hobgoblin hits you but does no damage.
You hit the hobgoblin. You barely miss the hobgoblin.
The hobgoblin hits you but does no damage.
You closely miss the hobgoblin. The hobgoblin hits you with a club.
You take 1 damage, and have 5/9 hp.
You barely miss the hobgoblin. The hobgoblin closely misses you.
You hit the hobgoblin.
The hobgoblin hits you but does no damage.
You hit the hobgoblin.
You kill the hobgoblin!
You barely miss the jackal. The jackal misses you.
You barely miss the jackal. The jackal misses you. The jackal bites you.
You take 1 damage, and have 4/9 hp.
You barely miss the jackal.
The jackal barks!
The jackal closely misses you.
You hit the jackal. The jackal bites you.
* * * LOW HITPOINT WARNING * * *
You take 3 damage, and have 1/9 hp.
MASSIVE DAMAGE!!
You open the door.
There is an open door here.
The jackal misses you. The jackal barely misses you.
The jackal closely misses you. The jackal barely misses you.
The jackal barely misses you. The jackal closely misses you.
There is an open door here.
The kobold shouts!
The kobold throws a stone.
The stone hits you but does no damage.
You see here a stone.
The kobold throws a stone.
The stone misses you.
The jackal barks!
The jackal closely misses you.
The kobold throws a stone.
The stone misses you.
You see here a stone.
The kobold throws a stone.
The stone hits you but does no damage.
You see here a stone.
Things that are here:
a club; a hobgoblin corpse You see here a stone.
A dart slug comes into view.
Found an escape hatch in the floor.
Found a lumpy ruby potion.
Found a stone staircase leading down.
There is an escape hatch in the floor here.
The jackal stops to sniff the ground.
There is a stone staircase leading down here.
A hobgoblin comes into view. It is wielding a club.
The hobgoblin shouts!
You see here a lumpy ruby potion.
The hobgoblin closely misses you.
A jackal and a kobold come into view.
The helpless kobold fails to defend itself.
You impale the kobold!!
You kill the kobold!
Your Spellcasting skill increases to level 3! 2 jackals come into view.
The jackal barks!
You see here a kobold corpse.
A jackal comes into view.
The jackal moves out of view.
You see here a kobold corpse.
The jackal barks! x2; You hear a bark!
The jackal barely misses you.
You see here 8 gold pieces.
A hobgoblin comes into view. It is wielding a club.
The hobgoblin shouts!
The dart slug launches a dart at you. The slug dart misses you.
A rat comes into view.
The dart slug launches a dart at you. The slug dart hits you!
The jackal barks! x2
Ouch! That really hurt!
You die...

....h.....##.#...#.#
..♣!♣#♣#♣.##.#...#.##
..h..#..............
..##......##.#w...(#####
..##......##............
..##%.....##........#...
..##.........#$......r..
####......#......$......
# #......#.##..@.g..# #
#..hg..h..#.#...# #
#..##.#...#.# .# #
#.$##h.......#
#######g.#h.♣♣♣♣♣♣♣♣
h..h..h.....♣
####.hh..#....♣
#.###....♣♣♣ #h# #...##


You could see a dart slug, 4 jackals, 2 hobgoblins and a rat (wandering).

Vanquished Creatures
  A hobgoblin (D:1)
  A kobold (D:1)
2 creatures vanquished.

Notes
Turn   | Place    | Note
--------------------------------------------------------------
     0 | D:1      | Chaotic the Spriggan Enchanter began the quest for the Orb.
     0 | D:1      | Reached XP level 1. HP: 9/9 MP: 5/5
    83 | D:1      | HP: 1/9 [jackal (3)]
   175 | D:1      | Reached skill level 3 in Spellcasting
   193 | D:1      | Killed from afar by a dart slug

Skill      XL: |  1 |
---------------+----+-----
Spellcasting   | 3 |  3.0
Short Blades   | |  1.1
Dodging        | |  3.0
Stealth        | |  4.4
Hexes          | |  3.6

Action                   || total
-------------------------++-------
Melee: Dagger            ||    14
 Stab: Sleeping          ||     1
Armor: Robe              ||     4
Dodge: Dodged            ||    19

Vault maps used:
D:1:      sevenhm_arrival_forest_fort_large_4, serial_forest,
          infiniplex_forest_clump_large, infiniplex_forest_zigzag_1,
          infiniplex_forest_clump_tiny, infiniplex_forest_clump_small,
          infiniplex_forest_clump_small, infiniplex_forest_split,
          infiniplex_forest_lined_2, infiniplex_forest_zigzag_1, grunt_decor_cap

Table legend:
 A = Turns spent in this place as a percentage of turns spent in the entire game.
 B = Non-inter-level travel turns spent in this place as a percentage of non-inter-level travel turns spent in the entire game.
 C = Inter-level travel turns spent in this place as a percentage of turns spent in this place.
 D = Turns resting spent in this place as a percentage of non-inter-level travel turns spent in this place.
 E = Turns spent auto-exploring this place as a percentage of non-inter-level travel turns spent in this place.
 F = Non-inter-level travel turns spent in this place divided by the number of levels of this place that you've seen.
                   A       B       C       D       E      F
               +-------+-------+-------+-------+-------+----------------------
         Total | 100.0 | 100.0 |   0.0 |   0.0 |   1.4 | 145.0
       Dungeon | 100.0 | 100.0 |   0.0 |   0.0 |   1.4 | 145.0
               +-------+-------+-------+-------+-------+----------------------

Table legend:
 A = Kills in this place as a percentage of kills in entire the game.
 B = Kills by you in this place as a percentage of kills by you in the entire game.
 C = Kills by friends in this place as a percentage of kills by friends in the entire game.
 D = Other kills in this place as a percentage of other kills in the entire game.
 E = Experience gained in this place as a percentage of experience gained in the entire game.
 F = Experience gained in this place divided by the number of levels of this place that you have seen.
                   A       B       C       D       E      F
               +-------+-------+-------+-------+-------+----------------------
         Total | 100.0 | 100.0 |  -nan |  -nan | 100.0 |   4.0
       Dungeon | 100.0 | 100.0 |  -nan |  -nan | 100.0 |   4.0
               +-------+-------+-------+-------+-------+----------------------
